[ AOE2 MATCH · #495813847 ]
UnrankedLithuanians vs Burgundians
Player's team · WIN
[ REPLAY ANALYSIS · EXTRACTED FROM THE RECORDED GAME ]
Feudal
9:41
Castle
14:17
Imperial
37:08
| APM avg | 52.8 |
| APM peak | 92 |
| eAPM avg | 31.9 |
| Villagers / military | 233 / 270 |
Focus
⚔️ 36.7% · 🌾 63.3%
Spearman ×133 · Leitis ×94 · Monk ×26 · Trebuchet (Packed) ×12 · Fishing Ship ×6 · Mangonel ×3
Feudal
9:48
Castle
19:12
Imperial
41:23
| APM avg | 63.6 |
| APM peak | 103 |
| eAPM avg | 39.6 |
| Villagers / military | 395 / 290 |
Focus
⚔️ 34.1% · 🌾 65.9%
Scout Cavalry ×131 · Coustillier ×109 · Fishing Ship ×30 · Hand Cannoneer ×15 · Galley ×8 · Flemish Militia ×7
Match map
Initial resources + every placement click. Lines = walls · curves = elevation contours. ◆ gold · ⬟ stone · ● berries · ✦ relic · ◌ wall gap
Your base· Open — unwalled flank
CORP_ Zata's base· Open — 7t gap
Smoothed initial terrain · ◌ = detected wall gap · hover for details
Inputs per minute
— Kaydos - - CORP_ Zata
Build order — Kaydos
First 150 of 707 actions detected
| 0:01 | Create | Villager (Male) |
| 0:01 | Create | Villager (Male) |
| 0:01 | Create | Villager (Male) |
| 0:02 | Build | House |
| 0:03 | Build | House |
| 0:40 | Create | Villager (Male) |
| 0:40 | Create | Villager (Male) |
| 0:41 | Create | Villager (Male) |
| 1:29 | Build | Lumber Camp |
| 2:29 | Create | Villager (Male) |
| 2:59 | Create | Villager (Male) |
| 3:15 | Build | Dock |
| 3:29 | Research | Loom |
| 3:50 | Create | Villager (Male) |
| 3:54 | Create | Fishing Ship |
| 4:09 | Build | House |
| 4:22 | Create | Villager (Male) |
| 4:22 | Create | Villager (Male) |
| 4:33 | Create | Fishing Ship |
| 4:45 | Create | Villager (Male) |
| 5:06 | Create | Villager (Male) |
| 5:10 | Create | Fishing Ship |
| 5:10 | Create | Fishing Ship |
| 5:19 | Build | House |
| 5:31 | Create | Villager (Male) |
| 5:51 | Build | Palisade Wall |
| 5:56 | Create | Villager (Male) |
| 6:01 | Create | Fishing Ship |
| 6:21 | Create | Villager (Male) |
| 6:37 | Create | Fishing Ship |
| 6:44 | Create | Villager (Male) |
| 7:31 | Research | Feudal Age |
| 7:31 | Research | Feudal Age |
| 7:31 | Research | Feudal Age |
| 7:53 | Build | Mining Camp |
| 8:51 | Build | House |
| 9:14 | Create | Villager (Male) |
| 9:18 | Create | Villager (Male) |
| 9:41 | Age | Feudal Age |
| 9:56 | Build | Mill |
| 10:16 | Create | Villager (Male) |
| 10:47 | Build | Market |
| 10:49 | Build | Blacksmith |
| 10:51 | Create | Villager (Male) |
| 11:10 | Create | Villager (Male) |
| 11:36 | Research | Double-Bit Axe |
| 11:37 | Research | Castle Age |
| 11:38 | Research | Castle Age |
| 11:44 | Build | House |
| 12:35 | Create | Villager (Male) |
| 12:41 | Build | Palisade Wall |
| 12:50 | Build | Palisade Wall |
| 13:06 | Build | Palisade Wall |
| 13:12 | Build | Palisade Wall |
| 13:14 | Build | Palisade Wall |
| 13:31 | Build | Palisade Wall |
| 13:32 | Build | Palisade Wall |
| 13:34 | Build | Palisade Wall |
| 13:35 | Build | Palisade Wall |
| 14:17 | Age | Castle Age |
| 14:18 | Build | Mining Camp |
| 14:21 | Build | Monastery |
| 14:40 | Create | Villager (Male) |
| 14:47 | Build | Palisade Wall |
| 14:50 | Build | House |
| 14:59 | Build | Siege Workshop |
| 15:03 | Build | Monastery |
| 15:04 | Create | Villager (Male) |
| 15:11 | Create | Monk |
| 15:20 | Build | Farm |
| 15:34 | Create | Villager (Male) |
| 15:47 | Create | Monk |
| 15:55 | Build | House |
| 16:12 | Create | Villager (Male) |
| 16:14 | Create | Monk |
| 16:22 | Create | Mangonel |
| 16:29 | Create | Villager (Male) |
| 16:36 | Create | Monk |
| 16:40 | Build | House |
| 17:02 | Create | Villager (Male) |
| 17:03 | Create | Monk |
| 17:09 | Build | House |
| 17:13 | Create | Villager (Male) |
| 17:38 | Create | Mangonel |
| 17:47 | Create | Villager (Male) |
| 17:50 | Create | Monk |
| 18:07 | Create | Monk |
| 18:43 | Create | Monk |
| 18:43 | Create | Villager (Male) |
| 19:07 | Create | Mangonel |
| 19:08 | Create | Villager (Male) |
| 19:14 | Build | Mining Camp |
| 19:38 | Create | Villager (Male) |
| 19:58 | Research | Redemption |
| 20:11 | Create | Villager (Male) |
| 20:20 | Build | House |
| 20:51 | Build | Dock |
| 21:21 | Create | Villager (Male) |
| 21:22 | Research | Sanctity |
| 21:40 | Create | Villager (Male) |
| 21:47 | Build | Town Center |
| 22:07 | Create | Monk |
| 22:09 | Create | Monk |
| 22:19 | Create | Villager (Male) |
| 22:27 | Build | Barracks |
| 22:42 | Create | Villager (Male) |
| 22:54 | Create | Villager (Male) |
| 22:54 | Create | Villager (Male) |
| 23:07 | Create | Monk |
| 23:19 | Create | Monk |
| 23:31 | Create | Villager (Male) |
| 23:31 | Create | Villager (Male) |
| 23:34 | Build | Town Center |
| 23:37 | Create | Villager (Male) |
| 23:37 | Create | Villager (Male) |
| 23:51 | Create | Monk |
| 23:53 | Create | Monk |
| 23:59 | Create | Unit 2626 |
| 24:00 | Build | House |
| 24:01 | Build | House |
| 24:02 | Create | Villager (Male) |
| 24:21 | Build | Mining Camp |
| 24:21 | Create | Villager (Male) |
| 24:56 | Create | Monk |
| 25:10 | Create | Villager (Male) |
| 25:12 | Create | Villager (Male) |
| 25:12 | Create | Villager (Male) |
| 25:24 | Build | Town Center |
| 25:43 | Create | Villager (Male) |
| 25:56 | Create | Spearman |
| 26:25 | Create | Villager (Male) |
| 26:45 | Create | Spearman |
| 26:45 | Create | Spearman |
| 26:50 | Build | Farm |
| 26:52 | Build | Farm |
| 26:57 | Build | Farm |
| 27:31 | Create | Spearman |
| 27:31 | Research | Pikeman (upgrade) |
| 27:32 | Create | Villager (Male) |
| 27:33 | Create | Villager (Male) |
| 27:37 | Create | Monk |
| 27:46 | Build | Farm |
| 27:48 | Build | Farm |
| 27:49 | Build | Farm |
| 27:55 | Build | Farm |
| 27:55 | Build | Farm |
| 27:55 | Build | Farm |
| 27:56 | Build | Farm |
| 27:56 | Build | Farm |
| 27:56 | Build | Farm |
Build order — CORP_ Zata
First 150 of 1003 actions detected
| 0:01 | Create | Villager (Male) |
| 0:01 | Create | Villager (Male) |
| 0:02 | Build | House |
| 0:03 | Build | House |
| 0:19 | Create | Villager (Male) |
| 0:19 | Create | Villager (Male) |
| 1:24 | Build | Lumber Camp |
| 1:37 | Create | Villager (Male) |
| 1:59 | Create | Villager (Male) |
| 1:59 | Create | Villager (Male) |
| 2:30 | Create | Villager (Male) |
| 2:30 | Create | Villager (Male) |
| 2:52 | Create | Villager (Male) |
| 2:53 | Create | Villager (Male) |
| 3:07 | Build | House |
| 3:19 | Create | Villager (Male) |
| 3:20 | Create | Villager (Male) |
| 3:44 | Build | Dock |
| 3:47 | Create | Villager (Male) |
| 3:47 | Create | Villager (Male) |
| 4:11 | Create | Villager (Male) |
| 4:22 | Create | Fishing Ship |
| 4:37 | Create | Villager (Male) |
| 4:37 | Create | Villager (Male) |
| 4:37 | Create | Villager (Male) |
| 4:37 | Create | Villager (Male) |
| 4:59 | Create | Villager (Male) |
| 5:00 | Create | Villager (Male) |
| 5:00 | Create | Villager (Male) |
| 5:05 | Create | Fishing Ship |
| 5:18 | Build | House |
| 5:26 | Create | Villager (Male) |
| 5:32 | Research | Double-Bit Axe |
| 5:32 | Research | Double-Bit Axe |
| 5:32 | Research | Double-Bit Axe |
| 5:41 | Create | Villager (Male) |
| 5:41 | Create | Villager (Male) |
| 5:41 | Create | Villager (Male) |
| 6:00 | Create | Fishing Ship |
| 6:06 | Create | Villager (Male) |
| 6:06 | Create | Villager (Male) |
| 6:06 | Create | Villager (Male) |
| 6:16 | Build | Palisade Wall |
| 6:16 | Build | Palisade Wall |
| 6:33 | Create | Villager (Male) |
| 6:33 | Create | Villager (Male) |
| 6:37 | Create | Fishing Ship |
| 6:37 | Create | Fishing Ship |
| 6:38 | Create | Fishing Ship |
| 6:58 | Create | Villager (Male) |
| 7:08 | Research | Loom |
| 7:24 | Create | Fishing Ship |
| 7:33 | Build | House |
| 7:38 | Research | Feudal Age |
| 7:38 | Research | Feudal Age |
| 7:39 | Research | Feudal Age |
| 8:01 | Create | Villager (Male) |
| 8:13 | Build | Mining Camp |
| 8:24 | Build | House |
| 8:30 | Create | Villager (Male) |
| 8:37 | Create | Villager (Male) |
| 8:40 | Build | Palisade Wall |
| 8:42 | Build | Outpost |
| 9:01 | Create | Villager (Male) |
| 9:01 | Create | Villager (Male) |
| 9:01 | Create | Villager (Male) |
| 9:01 | Create | Villager (Male) |
| 9:26 | Build | House |
| 9:32 | Build | Barracks |
| 9:39 | Build | House |
| 9:46 | Create | Villager (Male) |
| 9:48 | Age | Feudal Age |
| 9:55 | Build | Dock |
| 10:01 | Build | Palisade Wall |
| 10:03 | Build | Palisade Wall |
| 10:15 | Research | Bow Saw |
| 10:18 | Create | Villager (Male) |
| 10:29 | Create | Villager (Male) |
| 10:32 | Build | Archery Range |
| 10:32 | Create | Villager (Male) |
| 10:34 | Create | Flemish Militia |
| 10:41 | Create | Villager (Male) |
| 10:41 | Create | Villager (Male) |
| 10:42 | Create | Villager (Male) |
| 10:46 | Create | Unit 2626 |
| 10:51 | Build | Palisade Wall |
| 10:56 | Create | Villager (Male) |
| 11:04 | Create | Flemish Militia |
| 11:11 | Create | Villager (Male) |
| 11:16 | Build | House |
| 11:38 | Create | Flemish Militia |
| 11:43 | Create | Unit 2626 |
| 12:00 | Create | Villager (Male) |
| 12:06 | Create | Flemish Militia |
| 12:19 | Create | Villager (Male) |
| 12:53 | Create | Villager (Male) |
| 13:00 | Create | Unit 2626 |
| 13:01 | Create | Villager (Male) |
| 13:08 | Create | Archer |
| 13:12 | Build | Mill |
| 13:25 | Create | Flemish Militia |
| 13:38 | Create | Villager (Male) |
| 13:38 | Create | Archer |
| 13:43 | Build | Blacksmith |
| 13:51 | Build | Mining Camp |
| 13:53 | Create | Villager (Male) |
| 14:03 | Create | Flemish Militia |
| 14:09 | Create | Villager (Male) |
| 14:11 | Create | Villager (Male) |
| 14:27 | Create | Villager (Male) |
| 14:37 | Build | House |
| 14:38 | Build | Palisade Wall |
| 14:41 | Create | Archer |
| 14:47 | Create | Villager (Male) |
| 14:57 | Build | Dock |
| 15:01 | Build | Market |
| 15:08 | Build | House |
| 15:11 | Create | Villager (Male) |
| 15:16 | Create | Villager (Male) |
| 15:17 | Create | Archer |
| 15:43 | Create | Villager (Male) |
| 15:51 | Create | Villager (Male) |
| 15:56 | Create | Villager (Male) |
| 16:32 | Research | Castle Age |
| 16:33 | Research | Castle Age |
| 16:33 | Research | Castle Age |
| 16:47 | Create | Fishing Ship |
| 16:49 | Create | Fishing Ship |
| 17:08 | Create | Villager (Male) |
| 17:18 | Build | Stone Wall |
| 17:20 | Build | Stone Wall |
| 17:22 | Build | House |
| 17:23 | Build | Palisade Wall |
| 17:24 | Create | Villager (Male) |
| 17:26 | Build | Stone Wall |
| 17:32 | Create | Flemish Militia |
| 17:34 | Create | Villager (Male) |
| 17:40 | Create | Villager (Male) |
| 17:54 | Create | Villager (Male) |
| 17:57 | Create | Fishing Ship |
| 18:00 | Create | Fishing Ship |
| 18:05 | Create | Villager (Male) |
| 18:11 | Create | Villager (Male) |
| 18:18 | Create | Villager (Male) |
| 18:32 | Create | Villager (Male) |
| 18:39 | Create | Villager (Male) |
| 18:55 | Create | Villager (Male) |
| 19:11 | Create | Villager (Male) |
| 19:12 | Age | Castle Age |
| 19:22 | Build | Castle |
Match timeline
| 3:15 | Kaydos · first_building Dock |
| 3:44 | CORP_ Zata · first_building Dock |
| 5:51 | Kaydos · wall_segment Palisade Wall x1 |
| 6:16 | CORP_ Zata · wall_segment Palisade Wall x1 |
| 6:16 | CORP_ Zata · wall_segment Palisade Wall x1 |
| 8:40 | CORP_ Zata · wall_segment Palisade Wall x1 |
| 9:32 | CORP_ Zata · first_building Barracks |
| 9:41 | Kaydos · age_up feudal |
| 9:48 | CORP_ Zata · age_up feudal |
| 10:01 | CORP_ Zata · wall_segment Palisade Wall x1 |
| 10:03 | CORP_ Zata · wall_segment Palisade Wall x1 |
| 10:32 | CORP_ Zata · first_building Archery Range |
| 10:51 | CORP_ Zata · wall_segment Palisade Wall x1 |
| 12:41 | Kaydos · wall_segment Palisade Wall x1 |
| 12:50 | Kaydos · wall_segment Palisade Wall x1 |
| 13:06 | Kaydos · wall_segment Palisade Wall x1 |
| 13:12 | Kaydos · wall_segment Palisade Wall x1 |
| 13:14 | Kaydos · wall_segment Palisade Wall x1 |
| 13:31 | Kaydos · wall_segment Palisade Wall x1 |
| 13:32 | Kaydos · wall_segment Palisade Wall x1 |
| 13:34 | Kaydos · wall_segment Palisade Wall x1 |
| 13:35 | Kaydos · wall_segment Palisade Wall x1 |
| 14:17 | Kaydos · age_up castle |
| 14:21 | Kaydos · first_building Monastery |
| 14:36 | Kaydos · first_market_sell 100 food |
| 14:38 | CORP_ Zata · wall_segment Palisade Wall x3 |
| 14:42 | Kaydos · first_market_buy 100 wood |
| 14:47 | Kaydos · wall_segment Palisade Wall x1 |
| 14:59 | Kaydos · first_building Siege Workshop |
| 16:25 | CORP_ Zata · first_market_buy 100 food |
| 16:27 | CORP_ Zata · first_market_sell 100 wood |
| 17:18 | CORP_ Zata · wall_segment Stone Wall x5 |
| 17:20 | CORP_ Zata · wall_segment Stone Wall x6 |
| 17:23 | CORP_ Zata · wall_segment Palisade Wall x17 |
| 17:26 | CORP_ Zata · wall_segment Stone Wall x3 |
| 19:12 | CORP_ Zata · age_up castle |
| 19:22 | CORP_ Zata · first_building Castle |
| 20:03 | CORP_ Zata · first_building Stable |
| 22:27 | Kaydos · first_building Barracks |
| 23:41 | CORP_ Zata · first_building Monastery |
| 32:41 | Kaydos · first_building Castle |
| 37:08 | Kaydos · age_up imperial |
| 41:23 | CORP_ Zata · age_up imperial |
| 42:08 | Kaydos · first_building Stable |
| 43:25 | CORP_ Zata · first_building Siege Workshop |
| 43:58 | CORP_ Zata · wall_segment Stone Wall x3 |
| 56:43 | CORP_ Zata · wall_segment Stone Wall x1 |
| 56:45 | CORP_ Zata · wall_segment Stone Wall x1 |
| 56:55 | CORP_ Zata · wall_segment Palisade Wall x1 |
| 61:37 | CORP_ Zata · resign |
[ AI ANALYSIS · 1 CREDIT ]
What really happened in this match?
Wolo.gg analyzes every decision: build order, eco, micro, common mistakes by bracket. Personalized analysis on WhatsApp or Discord in 30 seconds.
Civ guide
Lithuanians
Perfil
Kaydos